 Dungeon Crawl Stone Soup version 0.30-a0-949-g53dc5368d7 (webtiles) character file.

Game seed: 9897588831344463095

59 Querens the Shield-Bearer (level 4, -2/37 HPs)
             Began as a Formicid Fighter on Mar 27, 2023.
             Slain by a gnoll
             ... wielding a +0 halberd
              (3 damage)
             ... on level 2 of the Dungeon.
             The game lasted 00:02:50 (736 turns).

Querens the Shield-Bearer (Formicid Fighter)         Turns: 736, Time: 00:02:51

Health: -2/37      AC:  9    Str: 22    XL:     4   Next: 22%
Magic:  4/4        EV:  7    Int:  8    God:
Gold:   28         SH:  5    Dex: 13    Spells: 3/3 levels left

rFire   . . .      SeeInvis +    a - +0 war axe
rCold   . . .      Faith    .    c - +0 buckler
rNeg    . . .      Spirit   .    k - +0 chain mail
rPois   .          Reflect  .    (helmet unavailable)
rElec   .          Rampage  .    (no cloak)
rCorr   .                        (no gloves)
Will    .....                    (no boots) Stlth
                                 (no amulet)
HPRegen 0.26/turn                (no ring)
MPRegen 0.09/turn                (no ring)

@: no status effects
A: permanent stasis, dig shafts and tunnels, antennae 3, four strong arms
a: Dig, Shaft Self


You were on level 2 of the Dungeon.
You visited 1 branch of the dungeon, and saw 2 of its levels.

You collected 28 gold pieces.

Inventory:

Hand Weapons
 a - a +0 war axe (weapon)
Armour
 c - a +0 buckler (worn)
 k - a +0 chain mail (worn)
Scrolls
 f - a scroll of teleportation {unknown}
 g - a scroll of vulnerability {unknown}
 h - a scroll of immolation {unknown}
Potions
 d - 2 potions of might
 e - 2 potions of haste {unknown}
 i - a potion of brilliance {unknown}
 j - a potion of resistance {unknown}


   Skills:
 + Level 3.9 Fighting
 + Level 2.6 Axes
 + Level 3.8 Armour
 + Level 4.7 Shields


You had 3 spell levels left.
You didn't know any spells.
Your spell library was empty.

Dungeon Overview and Level Annotations

Branches:
Dungeon (2/15)

Altars:
Qazlal


Innate Abilities, Weirdness & Mutations

You cannot be hasted, slowed, berserked, paralysed or teleported.
You can dig through walls and to a lower floor.
You have a pair of large antennae on your head. (SInv)
Your four strong arms can wield two-handed weapons with a shield.


Message History

The gnoll hits you with a +0 spear. You block the gnoll's attack.
The jackal bites you but does no damage.
You see here an adder corpse.
Unknown command.
Unknown command.
You hit the gnoll but do no damage. You barely miss the jackal.
You hit the gnoll but do no damage.
The jackal bites you but does no damage.
The gnoll closely misses you.
The gnoll hits you but does no damage. x2
The jackal bites you but does no damage.
You block the gnoll's attack.
Unknown command.
Unknown command.
Unknown command.
You hit the gnoll.
The gnoll is lightly wounded.
You slash the jackal!
You kill the jackal!
You barely miss the gnoll.
The gnoll hits you from afar with a +0 halberd!
The gnoll hits you but does no damage.
Unknown command.
Unknown command.
You closely miss the gnoll.
The gnoll is lightly wounded.
You hit the gnoll. You block the gnoll's attack.
The gnoll completely misses you. The gnoll hits you with a +0 halberd.
Unknown command.
You hit the gnoll.
The gnoll is heavily wounded.
You hit the gnoll. You barely miss the gnoll.
The gnoll hits you with a +0 flail!
The gnoll hits you from afar with a +0 halberd!
* * * LOW HITPOINT WARNING * * *
The gnoll hits you with a +0 spear.
* * * LOW HITPOINT WARNING * * *
The gnoll hits you with a +0 halberd.
* * * LOW HITPOINT WARNING * * *
The gnoll hits you with a +0 halberd.
You die...

#>#..........{
#.#.#########
#.#.# #.#.# #.#.#
#.#(## #
#.#..#########.#
#.#......†ggg..###
#....###..@g.?....
###### ######..###
... #


You could see 4 gnolls.

Vanquished Creatures
  2 adders (D:2)
  3 dart slugs
  5 bats
  5 endoplasms (D:1)
  3 goblins
  5 jackals
  2 kobolds
  A quokka (D:2)
  2 ball pythons (D:1)
  2 frilled lizards (D:1)
  2 rats (D:1)
32 creatures vanquished.

Notes
Turn   | Place    | Note
-------+----------+-------------------------------------------
     0 | D:1      | Querens the Formicid Fighter began the quest for the Orb.
     0 | D:1      | Reached XP level 1. HP: 18/18 MP: 1/1
    80 | D:1      | Reached XP level 2. HP: 22/24 MP: 2/2
   367 | D:1      | Reached XP level 3. HP: 28/29 MP: 3/3
   592 | D:2      | Found a faded altar of an unknown god.
   673 | D:2      | Found a stormy altar of Qazlal.
   732 | D:2      | Reached XP level 4. HP: 30/37 MP: 4/4
   736 | D:2      | HP: 1/37 [gnoll/+0 halberd (5)]
   736 | D:2      | Slain by a gnoll

Illustrated notes

Levels and vault maps discovered:
D:1:      lemuel_arrival_broad_hall, layout_basic
D:2:      layout_loops_ring, hellmonk_ecumenical_altar_pennies_from_heaven,
          basic_altar, uniq_crazy_yiuf_cottage, uniq_robin, uniq_sigmund

Action                     |  1- 3 |  4- 6 || total
---------------------------+-------+-------++-------
  Melee: War axe           |    77 |     4 ||    81
 Armour: Scale mail        |    27 |       ||    27
         Chain mail        |    15 |     7 ||    22
  Dodge: Dodged            |    42 |     2 ||    44
  Block: Buckler           |    17 |     3 ||    20

Table legend: (Time is in decaauts)
 A = Elapsed time spent in this place.
 B = Non-inter-level travel time spent in this place.
 C = Inter-level travel time spent in this place.
 D = Time resting spent in this place.
 E = Time spent auto-exploring this place.
 F = Levels seen in this place.
 G = Mean time per level.
                   A        B        C        D        E       F      G
               +--------+--------+--------+--------+--------+-----+--------+
         Total |    769 |    742 |     27 |      0 |      0 |   2 |  384.5 |
       Dungeon |    769 |    742 |     27 |      0 |      0 |   2 |  384.5 |
               +--------+--------+--------+--------+--------+-----+--------+

Top non-repeatable levels by time:
     D:1: 583 daAuts
     D:2: 185 daAuts
